Map: Blackpink LE

Players

FireKlaw

  • Race: Protoss Protoss
  • League: Diamond
  • Spawn Location: 7:00

Garbage - Winner!

  • Race: Zerg Zerg
  • League: Diamond
  • Spawn Location: 1:00

VOD

Have the link to the VOD?

Description

Time

  • Played on: Dec. 19, 2017, 7:38 p.m.
  • Length: 7:59
Show
View Real Time Build Order
Export as new Build Order

FireKlaw Protoss 

Build Orders: 1 Gate Expand 

Get SALT Encoding   

  12  0:01  Probe (Chrono Boost)  
  13  0:11  Probe (Chrono Boost)  
  14  0:21  Pylon  
  14  0:22  Probe  
  15  0:42  Gateway  
  15  0:45  Assimilator  
  15  0:46  Probe  
  16  0:58  Probe (Chrono Boost)  
  17  1:09  Probe (Chrono Boost)  
  18  1:14  Probe (Chrono Boost)  
  19  1:26  Nexus  
  19  1:37  Cybernetics Core  
  19  1:43  Pylon  
  19  1:49  Assimilator  
  19  1:50  Probe  
  20  2:04  Probe (Chrono Boost)  
  21  2:13  Warp Gate, Adept  
  24  2:16  Probe (Chrono Boost)  
  24  2:27  Gateway  
  24  2:29  Twilight Council  
  24  2:34  Probe (Chrono Boost)  
  25  2:38  Probe (Chrono Boost)  
  25  2:43  Adept  
  28  2:49  Probe x2 (Chrono Boost)  
  30  2:59  Probe  
  30  3:00  Probe, Pylon  
  32  3:10  Adept  
  34  3:18  Probe (Chrono Boost)  
  34  3:19  Resonating Glaives  
  36  3:23  Probe (Chrono Boost)  
  36  3:25  Zealot  
  38  3:29  Probe (Chrono Boost)  
  38  3:31  Probe (Chrono Boost)  
  40  3:45  Probe x2  
  38  4:12  Pylon  
  38  4:15  Pylon  
  38  4:17  Probe (Chrono Boost)  
  38  4:18  Probe (Chrono Boost)  
  38  4:20  Assimilator  
  38  4:22  Assimilator  
  38  4:28  Probe (Chrono Boost)  
  38  4:29  Probe (Chrono Boost), Pylon  
  38  4:30  Sentry x2  
  44  4:35  Pylon  
  44  4:39  Robotics Facility  
  44  4:43  Probe (Chrono Boost)  
  44  4:44  Gateway  
  46  4:45  Gateway  
  46  4:47  Probe (Chrono Boost)  
  46  4:53  Sentry  
  46  4:54  Sentry  
  46  4:56  Probe (Chrono Boost)  
  46  4:58  Probe (Chrono Boost)  
  52  5:01  Blink  
  52  5:04  Probe  
  53  5:08  Probe  
  53  5:12  Pylon  
  54  5:14  Pylon  
  54  5:19  Gateway  
  54  5:20  Gateway  
  54  5:23  Adept  
  54  5:24  Adept  
  54  5:26  Warp Prism  
  60  5:38  Pylon  
  60  5:43  Adept x2  
  60  5:45  Adept x2  
  68  6:06  Pylon, Adept x4  
  76  6:20  Immortal  
  80  6:28  Adept x3  
  80  6:31  Adept, Nexus  
  88  6:36  Pylon  
  88  6:44  Stalker x2  
  92  6:49  Probe (Chrono Boost)  
  92  6:50  Probe (Chrono Boost)  
  94  6:59  Probe x2 (Chrono Boost)  
  80  7:09  Robotics Bay  
  80  7:14  Pylon  
  80  7:18  Adept x4  
  80  7:19  Shield Battery, Adept  
  90  7:23  Stalker  
  86  7:40  Adept x5  
  84  7:49  Adept  
Show
View Real Time Build Order
Export as new Build Order

Garbage Zerg - Winner!

Build Orders: Hatch First 

Get SALT Encoding   

  12  0:01  Drone  
  13  0:12  Overlord  
  13  0:17  Drone  
  14  0:31  Drone x2  
  16  0:35  Drone  
  17  0:52  Hatchery  
  17  0:55  Drone  
  17  0:58  Drone  
  18  1:11  Extractor  
  18  1:14  Spawning Pool  
  17  1:18  Drone  
  17  1:23  Drone  
  18  1:29  Drone  
  19  1:40  Overlord  
  19  1:50  Drone  
  20  2:01  Queen  
  20  2:02  Zergling x2  
  20  2:03  Queen  
  20  2:05  Zergling x2  
  26  2:12  Drone  
  27  2:22  Metabolic Boost  
  27  2:25  Drone x2  
  29  2:35  Drone  
  30  2:38  Hatchery  
  29  2:45  Drone x2  
  29  2:48  Drone  
  29  2:50  Overlord  
  32  2:59  Queen  
  32  3:04  Overlord  
  34  3:13  Drone x2  
  34  3:14  Drone  
  34  3:16  Drone  
  34  3:19  Drone  
  38  3:26  Drone  
  39  3:32  Drone  
  40  3:43  Zergling x4  
  42  3:49  Drone x4  
  42  3:50  Overlord  
  42  3:51  Overlord  
  42  3:53  Lair  
  46  3:57  Extractor  
  46  3:58  Extractor  
  44  4:08  Drone x6  
  47  4:11  Drone x2  
  48  4:17  Drone  
  48  4:19  Extractor  
  48  4:23  Drone  
  48  4:24  Drone x3  
  52  4:31  Drone x2  
  53  4:35  Drone x2  
  56  4:45  Drone x4  
  60  4:48  Drone x3  
  63  5:00  Drone x2  
  63  5:01  Hydralisk Den, Zergling x10  
  69  5:22  Overlord x3  
  69  5:23  Overlord x3  
  69  5:33  Muscular Augments  
  69  5:44  Overseer  
  69  5:45  Hydralisk x10  
  89  5:51  Hydralisk  
  89  5:52  Hydralisk x2  
  95  6:00  Hydralisk  
  95  6:01  Hydralisk x2  
  95  6:02  Zergling x2  
  95  6:03  Zergling x4  
  104  6:17  Hydralisk x2  
  104  6:18  Hydralisk  
  110  6:25  Hydralisk x2  
  112  6:31  Overlord  
  112  6:32  Overlord x3  
  114  6:34  Extractor  
  113  6:50  Zergling x4, Hydralisk x3  
  113  6:51  Hydralisk x2  
  120  7:05  Hydralisk x3  
  120  7:08  Zergling x12  
  130  7:27  Hatchery  
  129  7:34  Zergling x12  
  130  7:38  Zergling x10  
Tags
 
Add a new tag
Caveats
  • Supply blocks, unpowered buildings, or Contaminate may cause inaccurate times.
  • Supply counts are checked every 10 seconds.